 Dungeon Crawl Stone Soup version 0.30-a0-728-gc68057b (webtiles) character file.

Game seed: 12755157421300067393

1565 Oxar the Basher (level 8, -6/45 HPs)
             Began as a Gargoyle Fighter on Jan 31, 2023.
             Was a Follower of Hepliaklqana.
             Engulfed by a cloud of flame (14 damage)
             ... on level 7 of the Dungeon.
             The game lasted 01:07:12 (6140 turns).

Oxar the Basher (Gargoyle Fighter)                  Turns: 6140, Time: 01:07:12

Health: -6/45      AC: 15    Str: 21    XL:     8   Next: 89%
Magic:  8/8        EV:  9    Int: 10    God:    Hepliaklqana [*.....]
Gold:   340        SH:  4    Dex:  9    Spells: 7/7 levels left

rFire   . . .      SeeInvis .    a - +1 flail (flame)
rCold   . . .      Faith    .    c - +0 buckler
rNeg    + . .      Spirit   .    b - +0 scale mail
rPois   ∞          Reflect  .    (no helmet)
rElec   +          Harm     .    A - +0 cloak
rCorr   .          Rampage  .    d - +0 pair of gloves
Will    .....                    (no boots) Stlth
                                 (no amulet)
HPRegen 0.27/turn                (no ring)
MPRegen 0.11/turn                (no ring)

@: no status effects
A: reduced essence, sickness immunity, AC +5, negative energy resistance 1,
electricity resistance, torment resistance 1, petrification resistance
a: Renounce Religion, Recall Ancestor, Ancestor Identity


You were on level 7 of the Dungeon.
You worshipped Hepliaklqana.
Hepliaklqana was aware of your devotion.
You visited 2 branches of the dungeon, and saw 8 of its levels.
You also visited: Sewer.

You collected 340 gold pieces.

Inventory:

Hand Weapons
 a - a +1 flail of flaming (weapon)
 e - a +0 long sword
 f - a +0 dagger
 i - a +0 whip
 j - a +0 giant club
 l - a +0 club
 q - a +0 whip
 r - a +0 falchion
 t - a +0 spear
 C - a +0 trident
 E - a +0 flail
 H - a +0 mace
 J - a +0 war axe
 L - a +0 shortbow
 T - a +2 quarterstaff of chaos
 V - a +0 hammer
Missiles
 h - 14 poisoned darts (quivered)
 o - 68 stones
 R - 2 throwing nets
 S - 3 large rocks
Armour
 b - a +0 scale mail (worn)
 c - a +0 buckler (worn)
 d - a +0 pair of gloves (worn)
 m - a +0 robe
 n - a +0 leather armour
 s - a +0 cloak
 u - a +0 robe
 v - a +0 ring mail
 w - a +0 leather armour
 y - a +0 buckler
 A - a +0 cloak (worn)
 B - a +0 chain mail
 G - a +0 ring mail
 I - a +0 ring mail
 K - a +0 ring mail
 Q - a +0 chain mail
 U - a +0 cloak
Scrolls
 F - a scroll of teleportation
 M - 3 scrolls of fear
 P - 3 scrolls of fog
 X - a scroll of enchant weapon
Potions
 g - 4 potions of curing
 p - 3 potions of flight
 x - 6 potions of haste
 z - a potion of attraction {unknown}
 D - 2 potions of degeneration {unknown}
 N - a potion of mutation {unknown}
 O - 2 potions of brilliance
 W - 2 potions of heal wounds


   Skills:
 * Level 5.9 Fighting
 * Level 8.3 Maces & Flails
 + Level 0.5 Throwing
 + Level 5.3 Armour
 + Level 1.7 Dodging
 + Level 0.6 Stealth
 + Level 4.6 Shields


You had 7 spell levels left.
You didn't know any spells.
Your spell library contained the following spells:

 Spells                   Type           Power      Damage    Failure   Level
 Blink                    Tloc           0%         N/A       88%         2
 Lesser Beckoning         Tloc           0%         N/A       88%         2
 Momentum Strike          Conj/Tloc      0%         3d8       88%         2
 Scorch                   Fire           0%         2d5       88%         2
 Gell's Gravitas          Tloc           0%         N/A       98%         3
 Teleport Other           Tloc           0%         N/A       98%         3
 Flame Wave               Conj/Fire      0%         2d4       100%        4
 Summon Cactus Giant      Summ           0%         N/A       100%        6


Dungeon Overview and Level Annotations

Branches:
Dungeon (7/15)             Temple (1/1) D:6           Sewer (visited)

Altars:
Ashenzari
Cheibriados
Dithmenos
Elyvilon
Fedhas
Gozag
Hepliaklqana
Kikubaaqudgha
Nemelex Xobeh
Okawaru
Sif Muna
Trog
Uskayaw
Vehumet
Wu Jian
Xom
The Shining One


Innate Abilities, Weirdness & Mutations

Your life essence is reduced to manifest your ancestor. (-10% HP)
You are immune to sickness and miasma.
Your stone body is resilient. (AC +5)
You are immune to poison.
You resist negative energy. (rN+)
You are resistant to electric shocks. (rElec)
You are resistant to unholy torment.
You are immune to petrification.


Message History

The howler monkey hoots and howls with incredible vigour!
You hear a shout! x7
There is a stone staircase leading up here.
You hit the howler monkey. You burn the howler monkey.
The howler monkey is lightly wounded.
The howler monkey barely misses you.
The gnoll hits Aula with a +0 spear.
You block the howler monkey's attack.
You closely miss the howler monkey.
The howler monkey is lightly wounded.
Aula hits the gnoll.
An orc priest comes into view. It is wielding a +0 club.
The gnoll hits you but does no damage. x2
The howler monkey hits you but does no damage.
Read: scroll of immolation
Press: ? - help, Q - select action, (/) - cycle Dir - look around, f - activate Look: a gnoll, wielding a +0 spear (susceptible)
As you read the scroll of immolation, it crumbles to dust.
The creatures around you are filled with an inner flame!
Aula hits the gnoll.
Flame seeps out of the gnoll.
The howler monkey hits you but does no damage.
An orc warrior comes into view. It is wielding a +1 vampiric battleaxe.
The gnoll is engulfed in blazing flames.
The gnoll explodes!
The fiery explosion engulfs the gnoll!! x2; Aula avoids your attack.
The fiery explosion engulfs the howler monkey!!
The howler monkey explodes!
The fiery explosion engulfs the gnoll!!
The fiery explosion engulfs you!
The gnoll explodes!
The fiery explosion engulfs you!!
* * * LOW HITPOINT WARNING * * *
The gnoll explodes!
Aula avoids your attack.
The gnoll explodes!
The fiery explosion engulfs the gnoll!!!
Aula avoids your attack.
The gnoll explodes!
The fiery explosion engulfs the gnoll sergeant!!
The gnoll sergeant explodes!
You are engulfed in blazing flames.
You die...

..........# ...####..#
### o# ...####..###.###
####o## ...............+
......+ ....>..........#
..... ...............#
.... ...#....#.#....#
..#
#############.§##.$#####
#..§§@§...$..
#.§§§§.?.....
#.§§○§§......
#§§§R§....!..
#§§§.........
#.§§§##....... ####[#
.###### ... .. .g. .#


You could see the friendly Aula the ancestor (inner flame), an orc warrior and
an orc priest (inner flame).

Vanquished Creatures
  Sigmund (D:3)
  A steam dragon (D:6)
  A water moccasin (D:6)
  Pargi (Sewer)
  An ice beast (D:4)
  2 ogres
  A centaur (D:5)
  A gnoll sergeant (D:7)
  2 scorpions
  A howler monkey (D:7)
  3 hounds
  2 orc priests (D:4)
  Crazy Yiuf (D:5)
  2 iguanas
  5 gnolls (D:7)
  4 adders
  A river rat (D:5)
  2 white imps
  An ufetubus (D:5)
  A worm (D:4)
  3 dart slugs
  3 orcs
  6 bats
  7 endoplasms
  4 giant cockroaches
  4 goblins
  2 hobgoblins
  7 jackals (D:1)
  5 quokkas
  5 ball pythons
  5 frilled lizards
  6 kobolds
  5 rats
96 creatures vanquished.

Vanquished Creatures (collateral kills)
  A black bear (D:6)
  A hound (D:5)
  A white imp (D:6)
3 creatures vanquished.

Vanquished Creatures (others)
  2 ancestors
  3 fungi (D:1)
  8 plants (D:4)
13 creatures vanquished.

Grand Total: 112 creatures vanquished

Notes
Turn   | Place    | Note
-------+----------+-------------------------------------------
     0 | D:1      | Oxar the Gargoyle Fighter began the quest for the Orb.
     0 | D:1      | Reached XP level 1. HP: 14/14 MP: 1/1
    70 | D:1      | Reached XP level 2. HP: 16/19 MP: 2/2
   427 | D:1      | Reached XP level 3. HP: 23/23 MP: 3/3
   513 | D:1      | Found a faded altar of an unknown god.
  1146 | D:2      | Reached XP level 4. HP: 28/28 MP: 4/4
  1588 | D:3      | Reached skill level 3 in Maces & Flails
  1608 | D:3      | Noticed Sigmund
  1627 | D:3      | Killed Sigmund
  1628 | D:3      | Reached skill level 4 in Maces & Flails
  1628 | D:3      | Reached XP level 5. HP: 27/33 MP: 5/5
  2120 | D:3      | Reached XP level 6. HP: 30/38 MP: 6/6
  2640 | D:4      | Found an opulent altar of Gozag.
  2745 | D:4      | Found a hazy altar of Hepliaklqana.
  2761 | D:4      | Became a worshipper of Hepliaklqana the Forgotten
  3409 | D:5      | Entered Level 5 of the Dungeon
  3437 | D:5      | Noticed an ice beast
  3460 | D:4      | Killed an ice beast
  3461 | D:4      | Reached skill level 5 in Maces & Flails
  3530 | D:5      | Reached XP level 7. HP: 44/44 MP: 7/7
  3991 | D:5      | Found a glowing drain.
  4016 | Sewer    | Entered a sewer
  4071 | Sewer    | Noticed Pargi
  4089 | Sewer    | Killed Pargi
  4090 | Sewer    | Reached skill level 6 in Maces & Flails
  4090 | Sewer    | Reached skill level 1 in Dodging
  4373 | D:5      | Reached * piety under Hepliaklqana
  4430 | D:5      | Reached skill level 5 in Fighting
  4609 | D:5      | Found a bloodstained altar of Trog.
  4611 | D:5      | Found a shadowy altar of Dithmenos.
  4613 | D:5      | Found a radiant altar of Vehumet.
  4749 | D:5      | Found a runed translucent door.
  4750 | D:5      | Noticed Crazy Yiuf
  4759 | D:5      | Killed Crazy Yiuf
  4760 | D:5      | Reached XP level 8. HP: 44/44 MP: 8/8
  5028 | D:6      | Reached skill level 7 in Maces & Flails
  5194 | D:6      | Reached skill level 5 in Armour
  5480 | D:6      | Found a staircase to the Ecumenical Temple.
  5571 | Temple   | Entered the Ecumenical Temple
  6051 | D:6      | Reached skill level 8 in Maces & Flails
  6140 | D:7      | Engulfed by a cloud of flame

Illustrated notes

Levels and vault maps discovered:
D:1:      onia_arrival_mini_spirals, layout_basic,
          hellmonk_ecumenical_altar_heavens_door, minmay_misc_feat_encased,
          minmay_door_square, dreamdust_mushroom_princess, minivault_25
D:2:      layout_basic
D:3:      layout_basic, uniq_sigmund
D:4:      layout_loops_ring, nicolae_overflow_crystal_walls,
          nicolae_hepliaklqana_hazy_memory, grunt_ministairs_12
D:5:      layout_rooms, grunt_temple_overflow_open, gup_sewer_entry_bubbles,
          uniq_crazy_yiuf_cottage
D:6:      layout_basic, minmay_temple_entry_statues_pillars
D:7:      layout_gridville
Temple:   minmay_temple_forest_path

Skill      XL: |  1  2  3  4  5  6  7  8 |
---------------+-------------------------+-----
Maces & Flails | 4 5 6 8 |  8.3
Fighting       | 4 5 |  5.9
Armour         | 4 5 |  5.3
Shields        | 4 |  4.6
Dodging        | 1 |  1.7
Throwing       | |  0.5
Stealth        | |  0.6

Action                     |  1- 3 |  4- 6 |  7- 9 || total
---------------------------+-------+-------+-------++-------
  Melee: Flail             |   137 |    91 |   167 ||   395
  Throw: Dart              |       |       |     7 ||     7
    Use: Potion            |       |     3 |     2 ||     5
         Scroll            |       |     6 |     8 ||    14
 Armour: Scale mail        |    73 |    37 |   132 ||   242
  Dodge: Dodged            |    62 |    27 |   102 ||   191
  Block: Buckler           |    30 |    14 |    42 ||    86

Table legend: (Time is in decaauts)
 A = Elapsed time spent in this place.
 B = Non-inter-level travel time spent in this place.
 C = Inter-level travel time spent in this place.
 D = Time resting spent in this place.
 E = Time spent auto-exploring this place.
 F = Levels seen in this place.
 G = Mean time per level.
                   A        B        C        D        E       F      G
               +--------+--------+--------+--------+--------+-----+--------+
         Total |   6267 |   3090 |   3177 |    636 |      0 |   9 |  696.3 |
       Dungeon |   5595 |   2807 |   2788 |    576 |      0 |   7 |  799.3 |
        Temple |    393 |      4 |    389 |      0 |      0 |   1 |  393.0 |
         Sewer |    278 |    278 |      0 |     60 |      0 |   1 |  278.0 |
               +--------+--------+--------+--------+--------+-----+--------+

Top non-repeatable levels by time:
     D:4: 1244 daAuts
     D:3: 1028 daAuts
     D:5: 938 daAuts
     D:2: 816 daAuts
     D:1: 795 daAuts
     D:6: 711 daAuts
  Temple: 393 daAuts
   Sewer: 278 daAuts
     D:7: 60 daAuts
